 Dungeon Crawl Stone Soup version 0.20.1-1-g8b1a95d (webtiles) character file.

55 AverageBear the Cutter (level 3, -4/22 HPs)
             Began as a Deep Elf Fighter on July 17, 2017.
             Slain by a hobgoblin
             ... wielding a +0 club
             ... led by Robin
              (5 damage)
             ... on level 2 of the Dungeon.
             The game lasted 00:01:14 (1194 turns).

AverageBear the Cutter (Deep Elf Fighter)           Turns: 1194, Time: 00:01:15

Health: -4/22      AC:  6    Str: 19    XL:     3   Next: 67%
Magic:  5/5        EV:  7    Int: 12    God:
Gold:   83         SH:  9    Dex: 14    Spells: 2/2 levels left

rFire    . . .     SeeInvis .   a - +0 rapier
rCold    . . .     Gourm    .   c - +0 shield
rNeg     . . .     Faith    .   i - +0 ring mail
rPois    .         Spirit   .   (no helmet)
rElec    .         Reflect  .   (no cloak)
rCorr    .         Harm     .   (no gloves)
MR       .....                  (no boots)
Stlth    +.........             (no amulet)
Regen    0.0/turn               (no ring)
MPRegen  0.1/turn               (no ring)

@: mighty, lethally poisoned (-4 -> -11)
A: shaggy fur 1, inhibited regeneration, no potion heal 1
a: no special abilities


You were on level 2 of the Dungeon.
You were not hungry.

You visited 1 branch of the dungeon, and saw 2 of its levels.

You collected 83 gold pieces.

Inventory:

Hand Weapons
 a - a +0 rapier (weapon)
Armour
 b - a +0 scale mail
 c - a +0 shield (worn)
 i - a +0 ring mail (worn)
Scrolls
 e - a scroll of remove curse {unknown}
 g - a scroll of immolation {unknown}
Comestibles
 f - 3 bread rations
 j - a royal jelly
 k - a meat ration
 l - a chunk of flesh


   Skills:
 - Level 2.4 Fighting
 + Level 4.1 Short Blades
 - Level 2.4 Armour
 - Level 2.4 Shields


You had 2 spell levels left.
You didn't know any spells.

Dungeon Overview and Level Annotations

Branches:
Dungeon (2/15)

Altars:


Innate Abilities, Weirdness & Mutations

You are covered in fur. (AC +1)
You do not regenerate when monsters are visible.
Potions are less effective at restoring your health.


Message History

The goblin no longer looks unusually strong.
The goblin hits you with a club.
* * * LOW HITPOINT WARNING * * *
The goblin hits you but does no damage.
You puncture Robin!
You kill Robin!
Your Short Blades skill increases to level 4!
The goblin hits you with a club.
* * * LOW HITPOINT WARNING * * *
The goblin hits you with a club.
* * * LOW HITPOINT WARNING * * *
A goblin and a hobgoblin come into view.
The goblin shouts!
You hit the hobgoblin.
The hobgoblin is moderately wounded.
* * * LOW HITPOINT WARNING * * *
You feel sick.
The goblin no longer looks unusually strong.
The hobgoblin hits you with a club.
You die...

#. #...##.# ##.##...#.g#
........#.. .......g..
## . #. ...g.#..#..
#.###.# #..# #...#
#...... #.g###..########
......g##g.##...........
#(g@ggg...#.........
#.###............... ..
#....##......... #.
#..###.....<.... #
###..#............
#.#.................
.........#...........
#..##...#.#..######## #.
##.#._.#)#


You could see 2 hobgoblins and 5 goblins.

Vanquished Creatures
  Robin (D:2)
  An adder (D:2)
  An ooze (D:1)
  A dart slug (D:1)
  A leopard gecko (D:1)
  A ball python (D:1)
  A bat (D:1)
  2 giant cockroaches (D:1)
  2 goblins (D:2)
  5 hobgoblins
  3 kobolds (D:1)
  A frilled lizard (D:1)
  7 rats
27 creatures vanquished.

Notes
Turn   | Place    | Note
-------+----------+-------------------------------------------
     0 | D:1      | AverageBear the Deep Elf Fighter began the quest for the Orb.
     0 | D:1      | Reached XP level 1. HP: 13/13 MP: 3/3
   284 | D:1      | Reached XP level 2. HP: 6/18 MP: 4/4
   487 | D:1      | Reached skill level 3 in Short Blades
   890 | D:1      | Reached XP level 3. HP: 22/22 MP: 5/5
  1138 | D:2      | Found a faded altar of an unknown god.
  1177 | D:2      | Noticed Robin
  1187 | D:2      | Gained mutation: Potions are less effective at restoring your health. [potion of mutation]
  1187 | D:2      | Gained mutation: You do not regenerate when monsters are visible. [potion of mutation]
  1187 | D:2      | Gained mutation: You are covered in fur. (AC +1) [potion of mutation]
  1193 | D:2      | Killed Robin
  1193 | D:2      | Reached skill level 4 in Short Blades
  1194 | D:2      | HP: 1/22 [poisoned by a goblin]
  1194 | D:2      | Slain by a hobgoblin

Skill      XL: |  1  2  3 |
---------------+----------+-----
Short Blades   | 3 4 |  4.1
Fighting       | |  2.4
Armour         | |  2.4
Shields        | |  2.4

Action                   || total
-------------------------++-------
Melee: Rapier            ||   102
  Use: Potion            ||     4
  Eat: Chunk             ||     1
Armor: Scale mail        ||    33
       Ring mail         ||    14
Dodge: Dodged            ||    19
Block: Shield            ||    52
